 Dungeon Crawl Stone Soup version 0.28-a0-653-g7e9dba17c3 (webtiles) character file.

Game seed: 17260472640584102750

1406 siradein the Cleaver (level 8, -2/71 HPs)
             Began as a Hill Orc Fighter on Oct 11, 2021.
             Slain by a wyvern zombie (10 damage)
             ... on level 6 of the Dungeon.
             The game lasted 00:06:18 (6801 turns).

siradein the Cleaver (Hill Orc Fighter)             Turns: 6801, Time: 00:06:19

Health: -2/71      AC: 12    Str: 19    XL:     8   Next: 70%
Magic:  8/8        EV:  8    Int: 10    God:
Gold:   238        SH:  0    Dex: 10    Spells: 7/7 levels left

rFire   + . .      SeeInvis .   y - +0 battleaxe (vorpal)
rCold   . . .      Faith    .   (shield currently unavailable)
rNeg    . . .      Spirit   .   f - +0 chain mail
rPois   .          Reflect  .   o - +0 helmet
rElec   .          Harm     .   (no cloak)
rCorr   .          Rampage  .   q - +0 pair of gloves
Will    .....                   (no boots)
Stlth   ..........              w - amulet of magic regeneration
HPRegen 0.21/turn               b - ring of protection from fire
MPRegen 0.36/turn               (no ring)

@: no status effects
A: no striking features
a: no special abilities


You were on level 6 of the Dungeon.
You visited 1 branch of the dungeon, and saw 6 of its levels.

You collected 238 gold pieces.

Inventory:

Hand Weapons
 y - a +0 vorpal battleaxe (weapon)
Missiles
 u - 5 boomerangs (quivered)
Armour
 c - a +0 buckler
 f - a +0 chain mail (worn)
 o - a +0 helmet (worn)
 q - a +0 pair of gloves (worn)
Jewellery
 b - a ring of protection from fire (left hand)
 w - an amulet of magic regeneration (around neck)
Wands
 v - a wand of iceblast (6)
Scrolls
 g - 3 scrolls of teleportation {unknown}
 h - a scroll of magic mapping {unknown}
 i - a scroll of noise {unknown}
 j - a scroll of fear {unknown}
 l - a scroll of acquirement {unknown}
 m - 2 scrolls of identify {unknown}
 n - a scroll of fog {unknown}
 s - a scroll of amnesia {unknown}
 t - a scroll of enchant armour {unknown}
 x - a scroll of vulnerability {unknown}
Potions
 d - a potion of might
 e - a potion of degeneration {unknown}
 k - a potion of curing
 p - a potion of lignification {unknown}
 r - 2 potions of haste {unknown}


   Skills:
 + Level 6.3 Fighting
 + Level 9.5 Axes
 + Level 6.3 Armour
 + Level 1.3 Dodging
 + Level 0.3 Stealth
 + Level 4.7 Shields


You had 7 spell levels left.
You didn't know any spells.
Your spell library contained the following spells:

 Spells                   Type           Power      Damage    Failure   Level
 Freeze                   Ice            0%         1d3       98%         1
 Summon Small Mammal      Summ           0%         N/A       98%         1
 Call Canine Familiar     Summ           0%         N/A       100%        3
 Frozen Ramparts          Ice            0%         1d2       100%        3
 Summon Guardian Golem    Hex/Summ       0%         N/A       100%        3
 Hailstorm                Conj/Ice       0%         3d3       100%        4


Dungeon Overview and Level Annotations

Branches:
Dungeon (6/15)
 Temple: D:4-7

Altars:
Ashenzari

Annotations:
D:4 2 transporters, blank1's ghost, amateur MiFi


Message History

The orc closely misses you.
The wyvern zombie completely misses you.
You hit the orc but do no damage.
The orc is heavily wounded.
You hit the wyvern zombie. The wyvern zombie bites you!
The orc closely misses you. The wyvern zombie closely misses you.
Unknown command.
You are too injured to fight recklessly!
You are too injured to fight recklessly!
You are too injured to fight recklessly!
You are too injured to fight recklessly!
You are too injured to fight recklessly!
You are too injured to fight recklessly!
You are too injured to fight recklessly!
You are too injured to fight recklessly!
You barely miss the orc.
The orc is heavily wounded.
You hit the wyvern zombie but do no damage.
The orc hits you but does no damage. The wyvern zombie bites you!
* * * LOW HITPOINT WARNING * * *
The orc hits you but does no damage.
Your chain mail prevents you from hitting the orc.
The orc is heavily wounded.
You barely miss the wyvern zombie.
The wyvern zombie bites you but does no damage.
The orc hits you but does no damage.
The wyvern zombie bites you but does no damage.
You barely miss the orc.
The orc is heavily wounded.
You hit the wyvern zombie.
The wyvern zombie bites you but does no damage.
The orc barely misses you.
You slice the orc!!
You kill the orc!
You completely miss the wyvern zombie.
The wyvern zombie bites you but does no damage.
The wyvern zombie bites you!
* * * LOW HITPOINT WARNING * * *
The wyvern zombie bites you!
You die...

.######.....#
...........#
..........
#.......##
#........#
#..).....##.
##.)#?.......
#..Z.#.....#
#....#.@.....#
#..#####.)..##
#.# #.)...#
#.. #........#
#. #........##
#.........#
..........#
.#.........#
..#.........#


You could see a wyvern zombie.

Vanquished Creatures
  A water moccasin (D:5)
  A hornet zombie (D:5)
  A necrophage (D:5)
  A centaur (D:5)
  3 phantoms
  2 scorpions (D:5)
  A water moccasin zombie (D:5)
  A centaur zombie (D:4)
  2 hounds
  A gnoll shaman (D:5)
  Ijyb (D:5)
  Jessica (D:3)
  A bullfrog skeleton (D:5)
  2 centaur skeletons
  3 iguanas
  An orc wizard (D:6)
  13 gnolls
  A howler monkey skeleton (D:4)
  5 adders
  An adder zombie (D:5)
  4 worms
  5 dart slugs
  10 orcs
  7 ball pythons
  6 endoplasms
  5 giant cockroaches
  7 goblins
  4 hobgoblins
  6 kobolds
  2 quokkas
  6 bats
  4 frilled lizards
  4 rats
113 creatures vanquished.

Notes
Turn   | Place    | Note
-------+----------+-------------------------------------------
     0 | D:1      | siradein the Hill Orc Fighter began the quest for the Orb.
     0 | D:1      | Reached XP level 1. HP: 19/19 MP: 1/1
   293 | D:1      | Reached XP level 2. HP: 27/27 MP: 2/2
   443 | D:1      | Reached skill level 3 in Axes
   630 | D:1      | Reached XP level 3. HP: 33/33 MP: 3/3
   695 | D:1      | Found a faded altar of an unknown god.
  1103 | D:2      | Noticed a phantom
  1289 | D:2      | Killed a phantom
  1290 | D:2      | Reached skill level 4 in Axes
  1290 | D:2      | Reached XP level 4. HP: 6/41 MP: 4/4
  1879 | D:2      | Reached XP level 5. HP: 47/47 MP: 5/5
  2739 | D:3      | Reached skill level 5 in Axes
  2966 | D:3      | Found a broken altar of Ashenzari.
  3399 | D:3      | Noticed Jessica
  3405 | D:3      | Killed Jessica
  3406 | D:3      | Reached XP level 6. HP: 42/53 MP: 6/6
  3933 | D:4      | Reached skill level 5 in Fighting
  3933 | D:4      | Reached skill level 6 in Axes
  4395 | D:4      | Found a transporter.
  4396 | D:4      | Noticed blank1's ghost (amateur MiFi)
  4409 | D:4      | Found a transporter.
  4417 | D:4      | Reached skill level 1 in Dodging
  4583 | D:4      | Reached skill level 5 in Armour
  4583 | D:4      | Reached XP level 7. HP: 50/61 MP: 7/7
  5003 | D:5      | Entered Level 5 of the Dungeon
  5025 | D:5      | Noticed Ijyb
  5038 | D:5      | Killed Ijyb
  5039 | D:5      | Reached skill level 7 in Axes
  5144 | D:5      | Reached skill level 8 in Axes
  5153 | D:5      | Reached XP level 8. HP: 41/69 MP: 8/8
  5323 | D:5      | HP: 3/69 [poisoned by a water moccasin]
  5324 | D:5      | HP: 1/69 [poisoned by a water moccasin]
  5775 | D:5      | Reached skill level 9 in Axes
  6801 | D:6      | Slain by a wyvern zombie

Illustrated notes

Levels and vault maps discovered:
D:1:      ncdulo_lavacross, layout_loops_corners, basic_ecumenical_altar
D:2:      layout_loops_ring, serial_aquarium, aquarium_bridge_island_small
          [aquarium_subvault_small_water, aquarium_subvault_wall,
          aquarium_subvault_wall, aquarium_subvault_wall,
          aquarium_subvault_bridge], aquarium_bridge_straight
          [aquarium_subvault_bridge, aquarium_subvault_window,
          aquarium_subvault_bridge, aquarium_subvault_wall],
          aquarium_window_corridor_2, aquarium_window_1, aquarium_window_fake,
          aquarium_view_2c, aquarium_view_2b, aquarium_balcony_double_1
D:3:      layout_loops_ring, mainiacjoe_overflow_paths, uniq_jessica
D:4:      layout_gridville, gammafunk_ghost_stat_death,
          chequers_serial_rivers_micro_d, grunt_decor_one_mirror, minivault_1
D:5:      layout_loops_cross, nicolae_underground_beach, uniq_ijyb
D:6:      layout_layer_cave, abandoned_shop, uniq_menkaure, uniq_sigmund,
          uniq_blork_the_orc

Skill      XL: |  1  2  3  4  5  6  7  8 |
---------------+-------------------------+-----
Axes           | 3 4 5 6 8 9 |  9.5
Fighting       | 4 5 6 |  6.3
Armour         | 4 5 6 |  6.3
Shields        | 4 |  4.7
Dodging        | 1 |  1.3
Stealth        | |  0.3

Action                   |  1- 3 |  4- 6 |  7- 9 || total
-------------------------+-------+-------+-------++-------
Melee: War axe           |   115 |   168 |   138 ||   421
       Battleaxe         |       |       |    30 ||    30
  Use: Potion            |       |       |     1 ||     1
Armor: Chain mail        |    73 |    94 |   113 ||   280
       Scale mail        |     1 |       |       ||     1
Dodge: Dodged            |    41 |    63 |    74 ||   178
Block: Buckler           |    14 |    37 |    32 ||    83

Table legend: (Time is in decaauts)
 A = Elapsed time spent in this place.
 B = Non-inter-level travel time spent in this place.
 C = Inter-level travel time spent in this place.
 D = Time resting spent in this place.
 E = Time spent auto-exploring this place.
 F = Levels seen in this place.
 G = Mean time per level.
                   A        B        C        D        E       F      G
               +--------+--------+--------+--------+--------+-----+--------+
         Total |   6901 |   6662 |    239 |    394 |   5284 |   6 | 1150.2 |
       Dungeon |   6901 |   6662 |    239 |    394 |   5284 |   6 | 1150.2 |
               +--------+--------+--------+--------+--------+-----+--------+

Top non-repeatable levels by time:
     D:5: 1785 daAuts
     D:2: 1512 daAuts
     D:1: 1254 daAuts
     D:4: 1242 daAuts
     D:3: 1076 daAuts
     D:6: 30 daAuts
